 Dungeon Crawl Stone Soup version 0.28-a0-1002-gf00fe891ef (webtiles) character file.

Game seed: 5580536269048649155

18 croobank the Sneak (level 2, 0/14 HPs)
             Began as a Felid Delver on Dec 6, 2021.
             Slain by a hobgoblin (1 damage)
             ... on level 4 of the Dungeon.
             The game lasted 00:09:55 (815 turns).

croobank the Sneak (Felid Delver)                    Turns: 815, Time: 00:09:56

Health: 0/14       AC:  1    Str:  8    XL:     2   Next: 51%
Magic:  3/3        EV: 17    Int: 11    God:
Gold:   5          SH:  0    Dex: 17    Spells: 1/1 levels left
                                        Lives:  0   Deaths: 0

rFire   . . .      SeeInvis +     - Unarmed
rCold   . . .      Faith    .   (shield unavailable)
rNeg    . . .      Spirit   .   (armour unavailable)
rPois   .          Reflect  .   (helmet unavailable)
rElec   .          Harm     .   (cloak unavailable)
rCorr   .          Rampage  .   (gloves unavailable)
Will    .....                   (boots unavailable)
Stlth   ++++......              (no amulet)
HPRegen 0.04/turn               (no ring)
MPRegen 0.08/turn               (no ring)

@: quick
A: very small, claws 1, fangs 3, see invisible, speed 1, shaggy fur 1, stealthy
paws, no weapons or thrown items, no armour, multi-lived
a: no special abilities


You were on level 4 of the Dungeon.
You visited 1 branch of the dungeon, and saw 3 of its levels.

You collected 5 gold pieces.

Inventory:

Missiles
 i - 19 stones
Magical Staves
 h - a staff of poison
Wands
 e - a wand of digging (3)
Scrolls
 a - a scroll of fog
 b - a scroll of magic mapping
 f - a scroll of enchant armour {unknown}
 g - a scroll of teleportation {unknown}
 j - a scroll of identify {unknown}
Potions
 d - a potion of haste


   Skills:
 + Level 3.0 Fighting
 + Level 2.7 Dodging
 + Level 7.3 Stealth
 + Level 2.2 Unarmed Combat


You had one spell level left.
You didn't know any spells.
Your spell library was empty.

Dungeon Overview and Level Annotations

Branches:
Dungeon (5/15)
 Temple: D:4-7

Altars:
Okawaru
Sif Muna


Innate Abilities, Weirdness & Mutations

You have sharp claws.
You have razor-sharp teeth.
You have supernaturally acute eyesight. (SInv)
You cover ground quickly. (Speed+)
You are covered in fur. (AC +1)
Your paws help you pounce on unaware monsters.
You are incapable of wielding weapons or throwing items.
You cannot wear armour.
You gain extra lives every three experience levels.


Message History

You don't know any spells.
Okay, then.
A worm comes into view.
Okay, then.
Okay, then.
As you read the scroll of fear, it crumbles to dust.
You assume a fearsome visage.
The worm looks frightened!
The orc looks frightened!
Things that are here:
a +0 whip; a kobold corpse
Items here: ))) [ ††.
You start resting.
An orc is nearby!
The orc shouts!
The orc hits you with a +0 short sword.
* * * LOW HITPOINT WARNING * * *
There is a stone staircase leading down here.
You climb downwards.
There is a stone staircase leading up here.
The hobgoblin throws a stone.
The stone misses you. The hobgoblin barely misses you.
You scratch the hobgoblin but do no damage.
The hobgoblin misses you.
You scratch the hobgoblin.
The hobgoblin is heavily wounded.
You closely miss the hobgoblin.
The hobgoblin is heavily wounded.
The hobgoblin barely misses you.
You barely miss the hobgoblin.
The hobgoblin is heavily wounded.
The hobgoblin barely misses you.
You barely miss the hobgoblin.
You bite the hobgoblin, but do no damage.
The hobgoblin is heavily wounded.
The hobgoblin hits you.
* * * LOW HITPOINT WARNING * * *
You scratch the hobgoblin but do no damage.
The hobgoblin is heavily wounded.
The hobgoblin hits you.
You die...

##.# ........# ##...##
.#.#..... ##.....##
#.#####. #.......### #.
#......... #. ........#
#. ...(...<# #.
.##.g.#.# #. #@# #.# #.
###.###.## #. #........#
#. #.#.###.## #. ...#.#
#############† ### #.#
##...........>
.######.###...##########
............#.#
........###...#


You could see a hobgoblin.

Vanquished Creatures
  A worm (D:3)
  2 dart slugs (D:4)
  3 orcs (D:3)
  An endoplasm (D:4)
  A hobgoblin (D:4)
  A kobold (D:3)
9 creatures vanquished.

Notes
Turn   | Place    | Note
-------+----------+-------------------------------------------
     0 | D:5      | croobank the Felid Delver began the quest for the Orb.
     0 | D:5      | Reached XP level 1. HP: 10/10 MP: 2/2
     2 | D:5      | Found a shimmering blue altar of Sif Muna.
    44 | D:5      | Noticed a sky beast
   135 | D:4      | Found an iron altar of Okawaru.
   529 | D:4      | Reached skill level 7 in Stealth
   529 | D:4      | Reached XP level 2. HP: 12/14 MP: 3/3
   815 | D:4      | Slain by a hobgoblin

Illustrated notes

Levels and vault maps discovered:
D:3:      layout_loops_cross, serial_shops, nicolae_shop_behind_doors,
          dk_noncrumbling_3, nrook_uturn, saegor_snake_ambush
D:4:      kennysheep_the_goblin_king, layout_loops_ring,
          kennysheep_okawaru_gauntlet, kennysheep_orc_chapel
D:5:      layout_loops_ring, lemuel_crystal_altar,
          mainiacjoe_overflow_concentric_impassable, uniq_ijyb

Skill      XL: |  1 |
---------------+----+-----
Stealth        | 7 |  7.3
Fighting       | |  3.0
Dodging        | |  2.7
Unarmed Combat | |  2.2

Action                   || total
-------------------------++-------
Melee: Unarmed           ||    45
       Bite              ||     4
  Use: Scroll            ||     1
 Stab: Sleeping          ||     2
Dodge: Dodged            ||    28

Table legend: (Time is in decaauts)
 A = Elapsed time spent in this place.
 B = Non-inter-level travel time spent in this place.
 C = Inter-level travel time spent in this place.
 D = Time resting spent in this place.
 E = Time spent auto-exploring this place.
 F = Levels seen in this place.
 G = Mean time per level.
                   A        B        C        D        E       F      G
               +--------+--------+--------+--------+--------+-----+--------+
         Total |    750 |    750 |      0 |    397 |    140 |   3 |  250.0 |
       Dungeon |    750 |    750 |      0 |    397 |    140 |   3 |  250.0 |
               +--------+--------+--------+--------+--------+-----+--------+

Top non-repeatable levels by time:
     D:4: 530 daAuts
     D:3: 177 daAuts
     D:5: 42 daAuts
